Map: [ESL] Amphion

Players

Spirit

  • Race: Terran Terran
  • Spawn Location: 11:00

Clem - Winner!

  • Race: Terran Terran
  • Spawn Location: 7:00

Event: ESL SC2 Masters 2024 Spring (Regional)

VOD

Have the link to the VOD?

Description

Time

  • Played on: May 5, 2024, 9:34 a.m.
  • Length: 8:36

All games in this series

Show
View Real Time Build Order
Export as new Build Order

Spirit Terran 

Build Orders:  

Get SALT Encoding   

  12  0:00  SCV  
  13  0:12  SCV  
  14  0:17  Supply Depot  
  14  0:24  SCV  
  15  0:39  SCV  
  15  0:41  Barracks  
  16  0:44  Refinery  
  16  0:51  SCV  
  16  0:54  Refinery  
  17  1:03  SCV  
  18  1:15  SCV  
  19  1:27  Orbital Command  
  19  1:28  Reaper  
  20  1:35  Supply Depot  
  20  1:43  Factory  
  20  1:53  SCV  
  21  2:01  Barracks Reactor  
  21  2:05  SCV  
  22  2:17  SCV  
  22  2:22  Command Center  
  23  2:28  Hellion  
  25  2:30  SCV  
  26  2:37  Reaper x2  
  26  2:42  Supply Depot  
  28  2:50  Starport  
  28  2:53  SCV  
  28  2:55  Factory Tech Lab  
  29  3:05  SCV  
  29  3:11  Marine x2  
  32  3:17  Siege Tank  
  32  3:18  SCV  
  36  3:29  Marine x2  
  36  3:30  SCV  
  36  3:34  Medivac  
  41  3:39  Orbital Command  
  41  3:47  Marine x2  
  43  3:48  SCV  
  43  3:52  Refinery  
  44  4:00  SCV  
  44  4:01  Siege Tank  
  46  4:04  Marine  
  48  4:13  SCV  
  48  4:14  Supply Depot  
  49  4:18  Liberator  
  49  4:19  SCV  
  52  4:25  SCV  
  53  4:31  SCV  
  53  4:35  Marine  
  53  4:37  SCV  
  56  4:38  Supply Depot  
  56  4:39  Supply Depot  
  56  4:41  Siege Tank  
  56  4:43  Marine  
  56  4:44  SCV  
  61  4:49  SCV  
  62  5:00  SCV, Marine  
  62  5:01  SCV, Marine  
  61  5:12  SCV  
  61  5:13  Siege Tank  
  58  5:14  SCV  
  58  5:17  Starport Tech Lab  
  58  5:21  Command Center  
  59  5:24  SCV  
  59  5:26  SCV  
  59  5:27  Marine  
  59  5:36  SCV  
  59  5:38  SCV, Interference Matrix, Raven  
  59  5:42  Refinery  
  63  5:48  SCV  
  64  5:53  Factory Reactor  
  64  5:56  Barracks x2  
  65  6:01  Stimpack, Engineering Bay x2  
  64  6:06  SCV x2, Marine  
  67  6:14  Raven  
  67  6:15  Supply Depot  
  67  6:18  SCV x2  
  71  6:24  Marine  
  72  6:30  SCV x2  
  74  6:34  Orbital Command  
  74  6:37  Terran Infantry Weapons Level 1, Terran Infantry Armor Level 1  
  70  6:42  SCV x2, Marine  
  70  6:46  Marine x2  
  74  6:51  Barracks  
  74  6:52  Marine x2  
  76  6:54  SCV x2  
  76  6:55  Barracks  
  76  6:57  Starport Reactor  
  76  6:59  Marine  
  79  7:04  Marine x2  
  79  7:06  SCV x2  
  83  7:10  Marine x2  
  83  7:13  Armory  
  83  7:15  Siege Tank, Supply Depot  
  88  7:17  Marine  
  88  7:18  SCV  
  88  7:19  SCV  
  88  7:21  Marine x2  
  93  7:24  Orbital Command  
  93  7:28  Marine x2  
  95  7:30  SCV  
  95  7:31  SCV  
  95  7:35  Marine  
  98  7:39  Marine x2  
  98  7:40  Barracks Reactor  
  98  7:42  SCV  
  98  7:43  SCV  
  101  7:45  Barracks Reactor  
  101  7:46  Marine x2  
  101  7:47  Siege Tank  
  101  7:49  SCV  
  101  7:50  Medivac  
  109  7:56  Marine  
  109  8:04  Marine x2  
  109  8:05  SCV, Medivac, Marine x2  
  91  8:13  Marine  
  91  8:18  Marine x2  
Show
View Real Time Build Order
Export as new Build Order

Clem Terran - Winner!

Build Orders: Reaper Expand 

Get SALT Encoding   

  12  0:00  SCV  
  13  0:12  SCV  
  14  0:17  Supply Depot  
  14  0:24  SCV  
  15  0:39  SCV  
  15  0:40  Barracks  
  16  0:44  Refinery  
  16  0:51  SCV  
  17  1:03  SCV  
  18  1:15  SCV  
  19  1:27  Orbital Command, Reaper  
  20  1:40  Command Center  
  20  1:51  Supply Depot  
  20  1:53  SCV  
  22  2:01  Reaper  
  22  2:05  SCV  
  23  2:17  SCV  
  24  2:28  Command Center  
  24  2:29  SCV  
  25  2:35  Factory  
  25  2:40  Barracks Reactor  
  25  2:41  SCV  
  26  2:47  Refinery  
  26  2:53  Orbital Command  
  26  2:55  SCV  
  27  3:08  SCV  
  28  3:16  Marine  
  28  3:17  Marine  
  28  3:18  SCV  
  28  3:19  Cyclone  
  33  3:20  SCV  
  33  3:25  Starport  
  34  3:31  SCV  
  34  3:32  SCV  
  35  3:35  Marine x2  
  36  3:41  Orbital Command  
  36  3:43  SCV  
  36  3:49  SCV  
  36  3:51  Factory Tech Lab  
  36  3:55  SCV, Refinery  
  38  4:00  Marine x2  
  38  4:01  SCV  
  40  4:06  Starport Tech Lab  
  40  4:07  SCV x2  
  42  4:13  SCV  
  42  4:17  Factory Tech Lab, Interference Matrix, Raven  
  45  4:18  Marine x2  
  45  4:19  SCV x2  
  49  4:25  SCV, Barracks  
  50  4:31  Barracks  
  50  4:32  SCV  
  50  4:33  SCV  
  50  4:36  Siege Tank  
  55  4:38  Marine  
  55  4:39  Marine  
  55  4:43  SCV, Supply Depot  
  58  4:45  SCV  
  58  4:47  SCV  
  60  4:54  Raven  
  61  5:01  SCV  
  61  5:03  SCV, Marine x2  
  61  5:04  SCV  
  57  5:09  Siege Tank  
  57  5:13  SCV  
  59  5:15  SCV  
  59  5:17  SCV  
  59  5:24  Supply Depot, Marine  
  59  5:25  SCV, Barracks Reactor  
  59  5:26  Marine  
  59  5:27  SCV  
  62  5:29  SCV  
  62  5:37  Stimpack, SCV, Marine  
  62  5:39  SCV  
  62  5:40  Starport Reactor  
  62  5:41  SCV  
  62  5:42  Marine  
  66  5:43  Refinery  
  66  5:49  SCV, Engineering Bay x2  
  68  5:50  Supply Depot  
  68  5:54  SCV  
  68  5:55  Marine  
  68  5:56  Siege Tank  
  73  5:58  SCV, Marine  
  73  6:01  Supply Depot  
  73  6:02  SCV  
  76  6:05  Marine  
  77  6:11  Barracks, Marine x2  
  77  6:12  SCV  
  77  6:14  Barracks  
  77  6:17  Supply Depot  
  77  6:18  Orbital Command  
  80  6:19  Terran Infantry Weapons Level 1  
  80  6:22  Terran Infantry Armor Level 1  
  80  6:24  Marine x2  
  80  6:25  Marine  
  83  6:30  Siege Tank  
  83  6:32  SCV  
  84  6:35  SCV  
  84  6:37  Marine  
  77  6:43  Marine  
  77  6:44  SCV  
  77  6:46  SCV  
  80  6:47  SCV  
  80  6:49  Marine  
  80  6:51  Marine  
  80  6:53  Medivac  
  85  6:54  Medivac  
  85  6:56  SCV  
  85  6:58  SCV  
  85  6:59  SCV, Supply Depot  
  90  7:02  Barracks Reactor, Marine  
  90  7:04  Barracks Reactor, Marine x2  
  90  7:08  SCV, Supply Depot  
  93  7:10  SCV, Marine  
  93  7:11  Marine  
  97  7:16  SCV  
  97  7:18  Siege Tank, Missile Turret  
  97  7:20  SCV  
  102  7:23  Marine x2  
  102  7:24  SCV  
  102  7:28  SCV, Supply Depot  
  106  7:32  SCV  
  106  7:33  Marine x2  
  106  7:34  Supply Depot  
  106  7:35  Marine  
  106  7:36  SCV  
  110  7:40  SCV  
  110  7:42  Refinery x2  
  111  7:45  SCV  
  111  7:46  Marine x3  
  111  7:49  Marine x3  
  117  7:52  Supply Depot  
  117  7:53  Armory, Supply Depot  
  117  7:54  SCV  
  117  7:55  SCV  
  117  7:57  SCV  
  120  7:59  Siege Tank  
  120  8:03  Marine  
  121  8:06  Marine x4  
  121  8:07  Marine x2  
  124  8:14  Marine x2  
  124  8:17  SCV  
  123  8:21  SCV  
Tags
 
Add a new tag
Caveats
  • Supply blocks, unpowered buildings, or Contaminate may cause inaccurate times.
  • Supply counts are checked every 10 seconds.